 Dungeon Crawl Stone Soup version 0.29.0-11-gd7f09526c8 (webtiles) character file.

Game seed: 15633764845002495573

114 NinjaNoafa the Digger (level 4, -2/31 HPs)
             Began as a Gargoyle Earth Elementalist on Sept 2, 2022.
             Slain by an orc wizard
             ... wielding a +0 dagger
              (4 damage)
             ... on level 3 of the Dungeon.
             The game lasted 00:08:20 (2650 turns).

NinjaNoafa the Digger (Gargoyle Earth Elementalist) Turns: 2650, Time: 00:08:20

Health: -2/31      AC:  7    Str: 11    XL:     4   Next: 97%
Magic:  8/8        EV: 11    Int: 18    God:
Gold:   104        SH:  0    Dex: 10    Spells: 6/9 levels left

rFire   . . .      SeeInvis .   b - +0 whip
rCold   . . .      Faith    .   (no shield)
rNeg    + . .      Spirit   .   a - +0 robe
rPois   ∞          Reflect  .   g - +0 helmet
rElec   +          Harm     .   (no cloak)
rCorr   .          Rampage  .   (no gloves)
Will    .....                   c - +0 pair of boots
Stlth   ..........              (no amulet)
HPRegen 0.00/turn               i - ring of wizardry
MPRegen 0.11/turn               (no ring)

@: berserking, inhibited regen, very quick
A: sickness immunity, AC +3, negative energy resistance 1, electricity
resistance, torment resistance 1, petrification resistance, frail 1, inhibited
regeneration
a: no special abilities


You were on level 3 of the Dungeon.
You visited 1 branch of the dungeon, and saw 3 of its levels.

You collected 104 gold pieces.

Inventory:

Hand Weapons
 b - a +0 whip (weapon)
Missiles
 d - 30 stones
 m - 9 poisoned darts
Armour
 a - a +0 robe (worn)
 c - a +0 pair of boots (worn)
 g - a +0 helmet (worn)
Jewellery
 i - a ring of wizardry (left hand)
Scrolls
 e - a scroll of identify {unknown}
 h - a scroll of vulnerability {unknown}
 j - a scroll of enchant weapon {unknown}
 l - a scroll of poison {unknown}
 n - a scroll of acquirement {unknown}
Potions
 o - a potion of ambrosia {unknown}
 p - a potion of attraction {unknown}


   Skills:
 - Level 1.5 Dodging
 - Level 2.1 Stealth
 - Level 3.0 Spellcasting
 - Level 0.1 Conjurations
 * Level 2.3 Transmutations
 + Level 4.7 Earth Magic


You had 6 spell levels left.
You knew the following spells:

 Your Spells              Type           Power      Damage    Failure   Level
a - Sandblast             Erth           38%        2d10      1%          1
b - Passwall              Tmut/Erth      12%        N/A       2%          2

Your spell library contained the following spells:

 Spells                   Type           Power      Damage    Failure   Level
 Stone Arrow              Conj/Erth      22%        3d8       8%          3
 Ensorcelled Hibernation  Hex/Ice        4%         N/A       10%         2
 Spider Form              Tmut/Pois      6%         N/A       12%         3
 Petrify                  Tmut/Erth      15%        N/A       16%         4
 Dazzling Flash           Conj/Hex       4%         N/A       19%         3
 Anguish                  Hex/Necr       1%         N/A       52%         4
 Iskenderun's Mystic Bla  Conj/Tloc      2%         2d3       52%         4
 Starburst                Conj/Fire      1%         6d3       100%        6


Dungeon Overview and Level Annotations

Branches:
Dungeon (3/15)

Altars:


Innate Abilities, Weirdness & Mutations

You are immune to sickness and miasma.
Your stone body is resilient. (AC +3)
You are immune to poison.
You resist negative energy. (rN+)
You are resistant to electric shocks. (rElec)
You are resistant to unholy torment.
You are immune to petrification.
You are frail. (-10% HP)
You do not regenerate when monsters are visible.


Message History

The frilled lizard barely misses you. The orc hits you with a +0 mace.
The orc wizard barely misses you.
You barely miss the orc wizard.
The orc wizard is moderately wounded.
The frilled lizard bites you but does no damage.
The orc hits you with a +0 mace.
The orc wizard hits you with a +0 dagger.
* * * LOW HITPOINT WARNING * * *
It was a potion of mutation.
You feel extremely strange.
Your regeneration stops near monsters.
You feel frail.
The frilled lizard bites you but does no damage.
The orc closely misses you.
The orc wizard hits you but does no damage.
Okay, then.
It was a potion of berserk rage.
A red film seems to cover your vision as you go berserk!
You feel yourself moving faster!
You feel mighty! The frilled lizard closely misses you.
The orc barely misses you.
The orc wizard hits you with a +0 dagger.
* * * LOW HITPOINT WARNING * * *
You barely miss the orc wizard.
The orc wizard is moderately wounded.
You closely miss the orc wizard.
The orc wizard is moderately wounded.
The orc hits you but does no damage. The frilled lizard bites you.
* * * LOW HITPOINT WARNING * * *
The orc wizard barely misses you.
You closely miss the orc wizard.
The orc wizard is moderately wounded.
The orc hits you with a +0 mace.
* * * LOW HITPOINT WARNING * * *
The frilled lizard barely misses you. The orc wizard casts a spell at you.
The puff of flame hits you but does no damage.
You are too berserk!
You hit the orc wizard.
The orc wizard is severely wounded.
The orc misses you. The frilled lizard barely misses you.
The orc wizard hits you with a +0 dagger.
You die...

#......###.......... .
#....[.# #.###.##.#.
..#......###..##.##...
..............##.##..#
.........##........†..
...........##...##......
...........##.....#.....
.....####.<##...........
....Sol@.#..............
.....Koo................
.....######.............
.... #............. ...
......###.# .. #.#.##.#
.. . #...# ... ..... ..#


You could see an orc wizard, 2 orcs, a ball python, a kobold and a frilled
lizard.

Vanquished Creatures
  An orc priest (D:3)
  An adder (D:2)
  3 worms
  2 dart slugs (D:1)
  An orc (D:3)
  2 ball pythons
  5 endoplasms
  3 giant cockroaches
  3 hobgoblins
  6 jackals (D:1)
  7 kobolds
  A quokka (D:1)
  9 bats
  6 frilled lizards
  4 goblins (D:1)
  6 rats
60 creatures vanquished.

Notes
Turn   | Place    | Note
-------+----------+-------------------------------------------
     0 | D:1      | NinjaNoafa the Gargoyle Earth Elementalist began the quest
                  | for the Orb.
     0 | D:1      | Reached XP level 1. HP: 10/10 MP: 3/3
    49 | D:1      | Reached skill level 1 in Transmutations
   259 | D:1      | Reached XP level 2. HP: 15/15 MP: 1/5
   403 | D:1      | Reached skill level 4 in Earth Magic
   584 | D:1      | Reached XP level 3. HP: 8/19 MP: 2/6
  1507 | D:2      | Learned a level 2 spell: Passwall
  1678 | D:2      | Reached XP level 4. HP: 24/24 MP: 6/8
  2645 | D:3      | Gained mutation: You do not regenerate when monsters are
                  | visible. [potion of mutation]
  2645 | D:3      | Gained mutation: You are frail. (-10% HP) [potion of
                  | mutation]
  2650 | D:3      | Slain by an orc wizard

Illustrated notes

Levels and vault maps discovered:
D:1:      spicycebolla_arrival_risky_transporter, layout_loops_ring
D:2:      layout_basic, serial_glass, glass_columns_a, glass_columns_a,
          minmay_lizard_pond
D:3:      layout_rooms, mainiacjoe_overflow_tiny_flanked, vehumet_crystals,
          nicolae_ecumenical_oubliette

Skill      XL: |  1  2  3  4 |
---------------+-------------+-----
Transmutations | 1 2 |  2.3
Earth Magic    | 4 |  4.7
Spellcasting   | 3 |  3.0
Dodging        | |  1.5
Stealth        | |  2.1
Conjurations   | |  0.1

Action                   |  1- 3 |  4- 6 || total
-------------------------+-------+-------++-------
Melee: Unarmed           |     3 |       ||     3
       Dagger            |     6 |       ||     6
       Whip              |       |    13 ||    13
 Cast: Sandblast         |    61 |    30 ||    91
  Use: Potion            |     1 |     2 ||     3
Armor: Robe              |    20 |    18 ||    38
Dodge: Dodged            |    37 |    25 ||    62
